AoeStats
← ICMW-Falco

Black Forest

506417687Analyzed
1v1 RM · 18d ago on Sep 13, 2026· 22m 54s· 2 players
Game mode
Random Map
Map size
Tiny (2 player)
Population
200
Speed
Normal
Resources
Standard
Victory
Conquest
Starting age
Dark Age
Ending age
Imperial Age
RankedLock teamsTeams togetherTeam positionsShared explorationLock speedFull tech treeHidden civsTurbo modeCheats
Victory
Defeat
🇹🇷 Persians · Türkiye
1395
+15
🇬🇧 Goths · United Kingdom
1368
-15
Gerodrick
0:38 Loom
11:18 Feudal Age
12:20 Double-Bit Axe
11:58 Man-at-Arms
15:30 Wheelbarrow
15:19 Horse Collar
25:19 Castle Age
ICMW-Falco
7:25 Loom
9:50 Feudal Age
9:58 Man-at-Arms
12:16 Double-Bit Axe
18:20 Castle Age
16:48 Town Watch
17:34 Horse Collar
20:16 Scale Barding Armor
20:58 Husbandry
21:44 Wheelbarrow
Connection lost

Rejoining the realm…

Still unreachable

The connection could not be restored.

Session expired

The server has moved on; the page needs a fresh start.